 Dungeon Crawl Stone Soup version 0.32-a0-975-g85d4e5bfdb (webtiles) character file.

Game seed: 8790554925451909765

205 jasper the Trooper (level 5, -1/44 HPs)
             Began as a Demonspawn Fighter on Apr 19, 2024.
             Was a Believer of Trog.
             Killed by divine providence
             ... invoked by an orc priest
              (15 damage)
             ... on level 4 of the Dungeon.
             The game lasted 00:05:24 (3593 turns).

jasper the Trooper (Demonspawn Fighter)             Turns: 3593, Time: 00:05:24

Health: -1/44      AC: 10    Str: 17    XL:     5   Next: 53%
Magic:  5/5        EV:  7    Int:  8    God:    Trog [**....]
Gold:   146        SH:  5    Dex: 14    Spells: 4/4 levels left

rFire   . . .        a - +0 flail
rCold   . . .        c - +1 buckler
rNeg    . . .        i - +0 chain mail
rPois   .            (no helmet)
rElec   .            (no cloak)
rCorr   .            (no gloves)
SInv    .            s - +0 pair of boots
Will    .....        (no amulet) Stlth
                     (no ring)
HPRegen 0.27/turn    (no ring)
MPRegen 0.09/turn

%: no passive effects
@: no status effects
A: sturdy frame 1
a: Renounce Religion, Berserk, Trog's Hand


You were on level 4 of the Dungeon.
You worshipped Trog.
Trog was pleased with you.
You visited 1 branch of the dungeon, and saw 4 of its levels.

You collected 146 gold pieces.

Inventory:

Hand Weapons
 a - a +0 flail (weapon)
Missiles
 e - 41 stones (quivered)
 l - 2 throwing nets
 m - 6 poisoned darts
 p - 4 javelins
Armour
 b - a +0 scale mail
 c - a +1 buckler (worn)
 i - a +0 chain mail (worn)
 s - a +0 pair of boots (worn)
Jewellery
 h - a ring of protection from cold
Scrolls
 g - 2 scrolls of immolation
 k - a scroll of enchant armour
 n - a scroll of poison
 o - a scroll of identify
 q - a scroll of summoning {unknown}
Potions
 d - 2 potions of might
 f - a potion of haste
 j - a potion of heal wounds
 r - a potion of invisibility {unknown}


   Skills:
 - Level 5.0 Fighting
 - Level 1.7 Maces & Flails
 + Level 3.3 Armour
 + Level 1.7 Dodging
 + Level 3.3 Shields


You had 4 spell levels left.
You didn't know any spells.
Your spell library was empty.

Dungeon Overview and Level Annotations

Branches:
Dungeon (4/15)             Temple (0/1) D:4

Altars:
Makhleb
Sif Muna
Trog


Innate Abilities, Weirdness & Mutations

Your movements are slightly less encumbered by armour. (ER -2)


Message History

You hit the orc.
The orc is heavily wounded.
The orc completely misses you.
The orc priest calls upon Beogh to heal the orc.
The orc's wounds heal themselves!
The orc hits you with a +0 club.
You take 1 damage, and have 41/44 hp.
You barely miss the orc. The orc hits you but does no damage.
You hit the orc but do no damage. The orc hits you but does no damage.
You sock the orc!
You kill the orc!
Trog accepts your kill.
The orc priest calls down the wrath of Beogh upon you.
Beogh smites you! The orc hits you but does no damage.
The orc priest calls down the wrath of Beogh upon you.
Beogh smites you!
You take 21 damage, and have 21/44 hp.
MASSIVE DAMAGE!!
You sock the orc!
You kill the orc!
Trog accepts your kill.
You hit the orc wizard.
The orc wizard is lightly wounded.
The orc wizard hits you but does no damage.
The orc wizard hits you with a +0 dagger.
You take 1 damage, and have 21/44 hp.
You hit the orc wizard.
The orc wizard is lightly wounded.
The orc wizard gestures wildly while chanting.
The orc wizard flickers and vanishes!
Deactivating autopickup; reactivate with Ctrl-A.
You barely miss something. Something hits you but does no damage.
You closely miss something.
Something hits you but does no damage. x2
The orc priest calls down the wrath of Beogh upon you.
Something writhes in agony.
You hit something.
You hear some strange, mumbled words.
A magic dart appears from out of thin air!
The magic dart hits you!
The orc priest invokes the aid of Beogh against you.
Beogh smites you!
You die...

###..........#....
#.......#.#.##.###
#.#####.#.#....# ##
# #...####### ..
####.#####...#
.####........#.#.##
.o#...........#...
#{#....>....#####.
#@#.........# #.
#.#.........# #.
#.#.........# #.
#...........# #.
####........# #.
#........# #.
#........#
#........#
#........#


You could see an orc priest.

Vanquished Creatures
  A hound (D:4)
  An orc wizard (D:4)
  4 gnolls
  2 adders
  3 dart slugs
  A ribbon worm (D:2)
  8 orcs (D:4)
  4 endoplasms
  6 giant cockroaches
  9 goblins
  3 hobgoblins
  6 jackals
  2 quokkas (D:4)
  6 ball pythons
  6 bats
  5 frilled lizards
  11 kobolds
  A rat (D:2)
79 creatures vanquished.

Notes
Turn   | Place    | Note
-------+----------+-------------------------------------------
     0 | D:1      | jasper the Demonspawn Fighter began the quest for the Orb.
     0 | D:1      | Reached XP level 1. HP: 18/18 MP: 1/1
   190 | D:1      | Found a faded altar of an unknown god.
   205 | D:1      | Gained mutation: Your movements are slightly less
                  | encumbered by armour. (ER -2) [demonic ancestry]
   205 | D:1      | Reached XP level 2. HP: 24/24 MP: 2/2
   210 | D:1      | Prayed at the altar of an unknown god.
   210 | D:1      | Became a worshipper of Trog the Wrathful
   210 | D:1      | Reached * piety under Trog
   593 | D:1      | Reached skill level 4 in Fighting
  1004 | D:1      | Reached XP level 3. HP: 24/31 MP: 3/3
  1385 | D:2      | Found Cisusua's Magic Scroll Shoppe.
  1442 | D:2      | Reached ** piety under Trog
  1795 | D:2      | Reached skill level 5 in Fighting
  1795 | D:2      | Reached XP level 4. HP: 22/39 MP: 4/4
  2454 | D:3      | Found a burning altar of Makhleb.
  2475 | D:3      | Found a shimmering blue altar of Sif Muna.
  2732 | D:3      | Reached skill level 1 in Dodging
  3327 | D:4      | Reached XP level 5. HP: 44/44 MP: 5/5
  3454 | D:4      | Found a staircase to the Ecumenical Temple.
  3593 | D:4      | Killed from afar by an orc priest

Illustrated notes

Levels and vault maps discovered:
D:1:      erik_arrival_cave_to_civilisation [erik_arrival_cave_to_hall],
          layout_basic, hellmonk_ecumenical_altar_blasted,
          minmay_tree_intersection, minmay_tripent
D:2:      layout_loops_ring, serial_shops, shop, serial_rivers,
          chequers_serial_rivers_micro_d, chequers_serial_rivers_large_b,
          chequers_serial_rivers_large_a, chequers_serial_rivers_micro_d,
          chequers_serial_rivers_micro_c, chequers_serial_rivers_small_b
D:3:      layout_basic, jmf_multi_god_temple
D:4:      layout_basic, minmay_temple_entry_gardened_gates

Skill      XL: |  1  2  3  4 |
---------------+-------------+-----
Fighting       | 4 5 |  5.0
Armour         | 3 |  3.3
Dodging        | 1 |  1.7
Shields        | 3 |  3.3
Maces & Flails | |  1.7

Action                     |  1- 3 |  4- 6 || total
---------------------------+-------+-------++-------
  Melee: Flail             |   167 |   134 ||   301
 Invoke: Berserk           |       |     1 ||     1
         Trog's Hand       |       |     1 ||     1
    Use: Scroll            |     4 |     3 ||     7
 Armour: Scale mail        |    31 |       ||    31
         Chain mail        |   138 |   139 ||   277
  Dodge: Dodged            |    82 |    47 ||   129
  Block: Buckler           |    53 |    43 ||    96

Table legend: (Time is in decaauts)
 A = Elapsed time spent in this place.
 B = Non-inter-level travel time spent in this place.
 C = Inter-level travel time spent in this place.
 D = Time resting spent in this place.
 E = Time spent auto-exploring this place.
 F = Levels seen in this place.
 G = Mean time per level.
                   A        B        C        D        E       F      G
               +--------+--------+--------+--------+--------+-----+--------+
         Total |   3750 |   3625 |    125 |    332 |   2466 |   4 |  937.5 |
       Dungeon |   3750 |   3625 |    125 |    332 |   2466 |   4 |  937.5 |
               +--------+--------+--------+--------+--------+-----+--------+

Top non-repeatable levels by time:
     D:1: 1405 daAuts
     D:2: 1152 daAuts
     D:3: 786 daAuts
     D:4: 406 daAuts
